 Seeded DCSS version 0.30.1-9-gdf580d7c3d (webtiles) character file.

Game seed: 6351066067085065685 (custom seed)

14654 Esekla the Thaumaturge (level 11, 0/62 HPs)
             Began as a Deep Elf Wanderer on Oct 7, 2023.
             Was an Initiate of Vehumet.
             Killed from afar by a gargoyle (7 damage)
             ... with a stone arrow
             ... on level 10 of the Dungeon on Oct 8, 2023.
             The game lasted 02:50:15 (13621 turns).

Esekla the Thaumaturge (Deep Elf Wanderer)         Turns: 13621, Time: 02:50:16

Health: 0/62       AC:  8    Str: 11    XL:     11   Next: 91%
Magic:  25/31      EV: 13    Int: 28    God:    Vehumet [......]
Gold:   334        SH:  4    Dex: 11    Spells: 6/38 levels left

rFire   . . .        c - +5 scimitar
rCold   + . .        d - +0 buckler
rNeg    . . .        U - +0 troll leather armour
rPois   +            N - +1 helmet
rElec   .            G - +0 cloak
rCorr   .            k - +0 pair of gloves
SInv    .            (no boots)
Will    +....        B - amulet of magic regeneration
Stlth   +            X - ring of Descent {rPois rC+ Int+5 Stlth-}
HPRegen 1.10/turn    h - ring of the Mage {Wiz Archmagi}
MPRegen 0.62/turn

%: wizardry (x1), archmagi
@: studying Fighting
A: no striking features
a: Renounce Religion


You were on level 10 of the Dungeon.
You worshipped Vehumet.
Vehumet was noncommittal.
You visited 2 branches of the dungeon, and saw 13 of its levels.
You also visited: Trove and Bailey.

You collected 1048 gold pieces.
You spent 714 gold pieces at shops.

Inventory:

Hand Weapons
 a - a +2 vampiric dagger
 c - a +5 scimitar (weapon)
 r - a +4 trident of venom
 s - the +5 rapier of the Hero {heavy, rN+ Dex+3}
   (You found it on level 3 of the Dungeon)

   Dex:       It affects your dexterity (+3).
   rN:        It protects you from negative energy.
 v - a +2 rapier of venom
Missiles
 w - 48 poisoned darts (quivered)
 E - 5 throwing nets
 L - 5 curare-tipped darts
 Q - 7 boomerangs
Armour
 d - a +0 buckler (worn)
 k - a +0 pair of gloves (worn)
 G - a +0 cloak (worn)
 N - a +1 helmet (worn)
 U - a +0 troll leather armour (worn)
Jewellery
 f - an amulet of reflection
 h - the ring of the Mage (right hand) {Wiz Archmagi}
   (You bought it in a shop on level 2 of the Dungeon)

   [ring of wizardry]

   It improves your spell success rate.
   Archmagi:  It increases the power of your magical spells.
 l - a +6 ring of intelligence
 o - the ring of Akemeir {Fire Str+4}
   (You found it in a treasure trove)

   [ring of fire]

   It enhances your fire magic.
   Str:       It affects your strength (+4).
   rF:        It protects you from fire.
   rC:        It makes you vulnerable to cold.
 B - an amulet of magic regeneration (around neck)
 O - a ring of ice
 R - a ring of magical power
 X - the ring of Descent (left hand) {rPois rC+ Int+5 Stlth-}
   (You found it in a treasure trove)

   [ring of protection from cold]

   Int:       It affects your intelligence (+5).
   rC:        It protects you from cold.
   rPois:     It protects you from poison.
   Stlth:     It makes you less stealthy.
Wands
 q - a wand of roots (13)
 D - a wand of flame (14)
 I - a wand of mindburst (6)
 T - a wand of digging (16)
Scrolls
 g - 2 scrolls of acquirement
 n - 2 scrolls of enchant armour
 t - 2 scrolls of fog
 y - 4 scrolls of enchant weapon {unknown}
 z - 2 scrolls of silence
 A - a scroll of magic mapping
 F - a scroll of teleportation
 H - 2 scrolls of poison
 P - 5 scrolls of blinking {unknown}
Potions
 b - 3 potions of lignification
 e - 3 potions of ambrosia {unknown}
 i - 7 potions of attraction {unknown}
 j - 7 potions of curing
 m - 2 potions of mutation
 p - a potion of degeneration {unknown}
 u - 4 potions of brilliance
 x - 4 potions of haste {unknown}
 C - a potion of might {unknown}
 J - a potion of cancellation {unknown}
 S - a potion of magic {unknown}
 V - 2 potions of flight {unknown}


   Skills:
 * Level 4.9 Fighting
 + Level 2.2 Short Blades
 + Level 0.3(1.2) Long Blades
 + Level 1.9 Throwing
 * Level 1.1 Armour
 * Level 7.3 Dodging
 + Level 3.2 Stealth
 + Level 2.2 Shields
 * Level 14.3 Spellcasting
 * Level 5.8 Conjurations
 * Level 10.3 Necromancy
 + Level 4.7 Translocations
 * Level 3.8 Transmutations
 * Level 4.3 Fire Magic
 * Level 2.2 Ice Magic
 * Level 4.0 Air Magic
 + Level 3.1 Poison Magic
 + Level 1.0 Invocations
 + Level 0.4 Evocations


You had 6 spell levels left.
You knew the following spells:

 Your Spells              Type           Power      Damage    Failure   Level
b - Blink                 Tloc           100%       N/A       1%          2
c - Mephitic Cloud        Conj/Pois/Air  61%        N/A       1%          3
d - Vampiric Draining     Necr           87%        2d12      1%          3
e - Searing Ray           Conj           100%       2d8       1%          2
f - Fireball              Conj/Fire      32%        3d14      7%          5
k - Airstrike             Air            29%        2d(5-21)  4%          4
n - Ignite Poison         Fire/Tmut/Pois 58%        N/A       1%          3
p - Apportation           Tloc           100%       N/A       1%          1
v - Poisonous Vapours     Pois/Air       100%       N/A       1%          2
w - Wereblood             Tmut           58%        N/A       1%          2
z - Freezing Cloud        Conj/Ice/Air   29%        6-21      11%         5

Your spell library contained the following spells:

 Spells                   Type           Power      Damage    Failure   Level
 Foxfire                  Conj/Fire      100%       2x1d9     1%          1
 Magic Dart               Conj           100%       1d8       1%          1
 Lesser Beckoning         Tloc           100%       N/A       1%          2
 Sublimation of Blood     Necr           87%        N/A       1%          2
 Gell's Gravitas          Tloc           63%        N/A       1%          3
 Spider Form              Tmut/Pois      56%        N/A       1%          3
 Teleport Other           Tloc           63%        N/A       1%          3
 Cause Fear               Hex            15%        N/A       19%         4
 Starburst                Conj/Fire      32%        6d10      34%         6
 Summon Mana Viper        Hex/Summ       30%        N/A       45%         5
 Plasma Beam              Fire/Air       30%        2x1d47    45%         6
 Ozocubu's Refrigeration  Ice            24%        4d12      99%         7
 Summon Hydra             Summ           15%        N/A       100%        7


Dungeon Overview and Level Annotations

Branches:
Dungeon (12/15)            Temple (0/1) D:6            Lair (0/5) D:11
    Orc (1/2) D:10         Bailey (visited)

Altars:
Dithmenos
Fedhas
Hepliaklqana
Nemelex Xobeh
Okawaru
Qazlal
Ru
Trog
Uskayaw
Vehumet
Zin
The Shining One

Shops:
D:2 =   D:4 (   D:11 *

Annotations:
D:9 Harold


Message History

(Press . to maintain the ray.)
The gargoyle barely misses you.
The searing ray hits the gargoyle.
The gargoyle is heavily damaged.
The searing ray hits the orc.
The orc is almost dead.
The gargoyle barely misses you.
The searing ray hits the gargoyle.
The gargoyle is severely damaged.
The searing ray hits the orc.
You kill the orc!
Vehumet accepts your kill. The gargoyle hits you with a +0 flail!
The searing ray hits the gargoyle but does no damage.
The gargoyle is severely damaged.
You finish channelling your searing ray.
The gargoyle hurls a stone arrow at you.
The stone arrow hits you!!
Casting: Searing Ray (safe; 1% risk of failure)
Confirm with . or Enter, or press ? or * to list all spells.
You feel a surge of power!
You blink.
Casting: Blink (safe; 1% risk of failure)
Confirm with . or Enter, or press ? or * to list all spells.
Aiming: Searing Ray (safe; 1% risk of failure)
Press: ? - help, Shift-Dir - straight line, f - gargoyle
Aim: a gargoyle, wielding a +0 flail (translocational energy, severely damaged, 92% to hit)
You feel a surge of power!
The searing ray hits the gargoyle but does no damage.
The gargoyle is severely damaged. (Press . to maintain the ray.)
The gargoyle hurls a stone arrow at you.
The stone arrow hits you!!
* * * LOW HITPOINT WARNING * * *
The searing ray hits the gargoyle but does no damage.
The gargoyle is severely damaged.
The searing ray hits the gargoyle.
The gargoyle is severely damaged.
The gargoyle hurls a stone arrow at you.
The stone arrow hits you!
You die...

#T# #......############## #.#
#......#............. #.#
#......#.............
#.#####......#.............
#.#..........#.............
#####.#..........#.............
#.....#........................
##9####...........#######.#####
#.# #.......@...##)..#..#####
#9# #..........###......#....
#.####.....<....9..>รท....#....
#.9.##....##...####).....#....
###.##....##...# #......#....
#.###.#......####......#....
#.###.#.[......##......#....
#.....#........##.######....
########.......##.# #######


You could see a gargoyle.

Vanquished Creatures
  2 two-headed ogres
  Pikel (D:6)
  3 orc knights
  2 cyclopes (D:9)
  Joseph (D:7)
  A kobold demonologist (D:9)
  A polar bear (D:11)
  5 trolls
  2 centaur simulacra (D:11)
  A wraith (D:12)
  2 basilisks
  8 yaks (D:10)
  2 steam dragons
  3 wyverns
  Menkaure (D:7)
  4 ice beasts
  A sky beast (D:6)
  12 orc warriors
  2 black bears
  4 ogres
  2 centaurs
  4 wolves (D:11)
  A phantom (D:7)
  Blork the orc (D:6)
  4 kobold brigands
  3 gnoll sergeants
  2 bullfrogs
  2 scorpions (D:5)
  10 wights
  20 killer bees
  2 howler monkeys (D:10)
  2 quasits (D:8)
  2 gnoll boudas
  6 hounds
  A jelly (D:6)
  Crazy Yiuf (D:7)
  8 orc priests
  A sleepcap (D:5)
  5 iguanas
  11 orc wizards
  27 gnolls
  9 adders
  3 shadow imps (D:8)
  8 white imps
  4 ufetubi
  A worm (D:4)
  3 dart slugs
  58 orcs
  4 endoplasms
  9 goblins
  7 hobgoblins
  A quokka (D:1)
  6 ball pythons
  4 bats
  4 frilled lizards
  21 kobolds
  A rat (D:2)
316 creatures vanquished.

Notes
Turn   | Place    | Note
-------+----------+-------------------------------------------
     0 | D:1      | Esekla the Deep Elf Wanderer began the quest for the Orb.
     0 | D:1      | Esekla set off with the following items: a +0 club, a
                  | potion of lignification, a +0 robe, a +0 buckler; and the
                  | following spells available to memorise: Apportation, Blink,
                  | Lesser Beckoning, Magic Dart, Ignite Poison, Vampiric
                  | Draining.
     0 | D:1      | Reached XP level 1. HP: 10/10 MP: 7/7
     2 | D:1      | Learned a level 1 spell: Magic Dart
     4 | D:1      | Learned a level 1 spell: Apportation
   375 | D:4      | Found a radiant altar of Vehumet.
   384 | D:4      | Found an iron altar of Okawaru.
   395 | D:4      | Found a glowing silver altar of Zin.
   480 | D:4      | Became a worshipper of Vehumet
   642 | D:3      | Reached skill level 1 in Necromancy
   642 | D:3      | Reached XP level 2. HP: 3/15 MP: 7/9
   645 | D:3      | Learned a level 2 spell: Blink
   930 | D:3      | Identified the +5 rapier of the Hero {heavy, rN+ Dex+3}
   950 | D:2      | Found Renulab's Jewellery Shop.
  1177 | D:1      | Reached * piety under Vehumet
  1177 | D:1      | Offered knowledge of Kiss of Death by Vehumet.
  1178 | D:1      | Reached skill level 5 in Spellcasting
  1178 | D:1      | Reached XP level 3. HP: 19/19 MP: 1/11
  1182 | D:1      | Learned a level 3 spell: Vampiric Draining
  1334 | D:1      | Learned a level 3 spell: Teleport Other
  1633 | D:2      | Reached skill level 1 in Dodging
  1757 | D:2      | Noticed a black bear
  2111 | D:3      | Found a stormy altar of Qazlal.
  2124 | D:3      | Reached skill level 1 in Conjurations
  2124 | D:3      | Reached XP level 4. HP: 24/24 MP: 10/13
  2169 | D:3      | Found a hazy altar of Hepliaklqana.
  2171 | D:3      | Found a bloodstained altar of Trog.
  2360 | D:2      | Found a faded altar of an unknown god.
  2407 | D:2      | Reached XP level 5. HP: 10/28 MP: 2/15
  2521 | D:2      | Reached skill level 6 in Spellcasting
  2764 | D:4      | Found Ponaysk's Antique Weapon Boutique.
  2878 | D:4      | Found a glowing golden altar of the Shining One.
  3010 | D:4      | Reached skill level 1 in Short Blades
  3372 | D:5      | Entered Level 5 of the Dungeon
  3374 | D:5      | Reached XP level 6. HP: 31/32 MP: 13/17
  3381 | D:5      | Got the Parchment of the Lumpy Olives
  3398 | D:5      | Found a shadowy altar of Dithmenos.
  3632 | D:5      | Reached skill level 7 in Spellcasting
  3724 | D:5      | Reached ** piety under Vehumet
  3724 | D:5      | Offered knowledge of Static Discharge by Vehumet.
  3837 | D:5      | Reached skill level 5 in Necromancy
  3837 | D:5      | Reached XP level 7. HP: 29/36 MP: 13/19
  4901 | D:6      | Noticed Blork the orc
  4914 | D:6      | Killed Blork the orc
  4915 | D:6      | Reached skill level 8 in Spellcasting
  5273 | D:6      | Noticed Pikel
  5369 | D:7      | Found a runed translucent door.
  5370 | D:7      | Noticed Crazy Yiuf
  5378 | D:7      | Killed Crazy Yiuf
  5379 | D:7      | Reached XP level 8. HP: 41/41 MP: 16/22
  5484 | D:7      | Noticed Menkaure
  5488 | D:7      | Killed Menkaure
  5489 | D:7      | Reached skill level 9 in Spellcasting
  5515 | D:7      | Offered knowledge of Searing Ray by Vehumet.
  5519 | D:7      | Learned a level 2 spell: Searing Ray
  5700 | D:6      | Found a staircase to the Ecumenical Temple.
  5828 | D:6      | Found a blossoming altar of Fedhas.
  5836 | D:6      | Reached *** piety under Vehumet
  5841 | D:6      | Reached skill level 10 in Spellcasting
  6079 | D:7      | Learned a level 3 spell: Ignite Poison
  6100 | D:7      | Reached XP level 9. HP: 45/45 MP: 23/25
  6102 | D:7      | Reached skill level 1 in Poison Magic
  6105 | D:7      | Reached skill level 1 in Fire Magic
  6107 | D:7      | Offered knowledge of Airstrike by Vehumet.
  6116 | D:7      | Learned a level 4 spell: Airstrike
  6182 | D:7      | Noticed Joseph
  6208 | D:6      | Killed Pikel
  6209 | D:6      | Reached skill level 1 in Transmutations
  6489 | D:8      | Noticed a two-headed ogre
  6542 | D:8      | Reached skill level 1 in Throwing
  6569 | D:8      | Reached skill level 11 in Spellcasting
  6650 | D:8      | Reached **** piety under Vehumet
  6654 | D:8      | Offered knowledge of Stone Arrow by Vehumet.
  6791 | D:8      | Reached skill level 5 in Dodging
  6848 | D:8      | Found a hide-covered altar of Uskayaw.
  6925 | D:8      | Killed a two-headed ogre
  6926 | D:8      | Reached skill level 1 in Air Magic
  6926 | D:8      | Reached XP level 10. HP: 50/50 MP: 27/27
  7203 | D:8      | Found a transporter.
  7204 | D:8      | Found a transporter.
  7207 | D:8      | Found a transporter.
  7207 | D:8      | Found a transporter.
  7789 | D:7      | Killed Joseph
  8256 | D:9      | Found a flagged portal.
  8294 | Bailey   | Entered a bailey
  8419 | Bailey   | Reached skill level 12 in Spellcasting
  8427 | Bailey   | Identified the +2 bardiche of Puhoisos {heavy, rElec
                  | Stlth+}
  8594 | Bailey   | Noticed an orc knight
  8594 | Bailey   | Noticed an orc knight
  8796 | Bailey   | Killed an orc knight
  8805 | Bailey   | Killed an orc knight
  8961 | D:9      | Reached ***** piety under Vehumet
  8961 | D:9      | Offered knowledge of Ozocubu's Refrigeration by Vehumet.
  8976 | D:9      | Reached skill level 1 in Ice Magic
  9118 | D:9      | Found a sparkling altar of Nemelex Xobeh.
  9175 | D:9      | Noticed a two-headed ogre
  9187 | D:9      | Killed a two-headed ogre
  9188 | D:9      | Reached skill level 13 in Spellcasting
  9338 | D:9      | Noticed a cyclops
  9344 | D:9      | Killed a cyclops
  9345 | D:9      | Reached XP level 11. HP: 57/57 MP: 30/30
  9591 | D:9      | Reached skill level 5 in Conjurations
  9716 | D:9      | Noticed Harold
  9718 | D:10     | Entered Level 10 of the Dungeon
  9911 | D:10     | Learned a level 7 spell: Ozocubu's Refrigeration
  9942 | D:10     | Found a sacrificial altar of Ru.
 10704 | D:10     | Found a staircase to the Orcish Mines.
 10912 | Orc:1    | Entered Level 1 of the Orcish Mines
 10914 | Orc:1    | Noticed an orc knight
 11189 | D:9      | Reached skill level 10 in Necromancy
 11444 | D:10     | Killed an orc knight
 11445 | D:10     | Reached skill level 14 in Spellcasting
 11707 | D:2      | Bought the ring of the Mage {Wiz Archmagi} for 714 gold
                  | pieces
 11707 | D:2      | Found the ring of the Mage {Wiz Archmagi}
 12698 | D:11     | Found a staircase to the Lair.
 12892 | D:12     | Found a portal to a secret trove of treasure.
 13084 | D:12     | Reached skill level 1 in Armour
 13182 | D:12     | Noticed a red ugly thing
 13259 | D:12     | Learned a level 5 spell: Freezing Cloud
 13265 | D:12     | Learned a level 5 spell: Fireball
 13268 | D:12     | Learned a level 2 spell: Poisonous Vapours
 13274 | D:12     | Learned a level 3 spell: Mephitic Cloud
 13314 | Trove    | Entered a treasure trove
 13323 | Trove    | Identified the ring of Akemeir {Fire Str+4}
 13334 | Trove    | Identified the ring of Descent {rPois rC+ Int+5 Stlth-}
 13345 | Trove    | Identified the +3 ring mail "Poady" {+Inv rF+ Dex+2 Slay-4}
 13503 | D:12     | Learned a level 2 spell: Wereblood
 13551 | D:11     | Found Fagafuf's Pet Rocks.
 13621 | D:10     | Killed from afar by a gargoyle

Illustrated notes

Levels and vault maps discovered:
D:1:      sevenhm_arrival_forest_fort_small_3, layout_rooms,
          chequers_serial_rivers_room_b, minmay_misc_feat_five
D:2:      layout_loops_ring, dreamdust_ecumenical_altar_angels_and_demons,
          serial_shops, shop
D:3:      layout_basic, grunt_temple_overflow_open, minmay_misc_feat_iff
D:4:      layout_basic, nicolae_overflow_quartered_altars, serial_shops,
          nicolae_diamond_shop
D:5:      layout_loops_ring, lemuel_doored_altar, minmay_misc_feat_rows,
          dreamdust_wishing_well
D:6:      layout_loops_cross, fedhas_altar_fruit_tree,
          minmay_temple_entry_glass, uniq_pikel, uniq_blork_the_orc
D:7:      layout_basic, uniq_menkaure, uniq_joseph, uniq_crazy_yiuf_cottage
D:8:      layout_basic, nicolae_uskayaw_dance_hall, serial_demonic,
          serial_demonic_d, serial_demonic_a, serial_demonic_c,
          serial_demonic_c, nicolae_diode_quadrants
D:9:      layout_irregular_city, kennysheep_little_box, enter_bailey_4,
          minmay_between, uniq_harold
D:10:     layout_basic, nicolae_ru_awakened_eye
D:11:     layout_rooms, hellmonk_lair_entry_icy, serial_ice, serial_ice_j,
          serial_ice_m, serial_ice_o, serial_ice_c, serial_ice_g, serial_ice_f,
          guppyfry_shop_earth, uniq_psyche, uniq_lodul
D:12:     layout_roguey, nicolae_trove_entry_crossroad
Orc:1:    layout_caves

Skill      XL: |  1  2  3  4  5  6  7  8  9 10 11 |
---------------+----------------------------------+-----
Necromancy     | 1 2 5 6 7 8 9 10 | 10.3
Spellcasting   | 5 6 7 8 10 11 13 14 | 14.3
Dodging        | 1 2 3 4 5 6 7 |  7.3
Conjurations   | 1 2 3 4 5 |  5.8
Short Blades   | 1 2 |  2.2
Translocations | 3 4 |  4.7
Stealth        | 2 3 |  3.2
Shields        | 2 |  2.2
Poison Magic   | 2 3 |  3.1
Fire Magic     | 2 3 4 |  4.3
Transmutations | 2 3 |  3.8
Throwing       | 1 |  1.9
Air Magic      | 1 2 4 |  4.0
Ice Magic      | 1 2 |  2.2
Fighting       | 2 4 |  4.9
Armour         | 1 |  1.1
Long Blades    | |  0.3
Invocations    | |  1.0
Evocations     | |  0.4

Action                     |  1- 3 |  4- 6 |  7- 9 | 10-12 || total
---------------------------+-------+-------+-------+-------++-------
  Melee: Short sword       |    28 |       |       |       ||    28
         Rapier            |    40 |    38 |    61 |    61 ||   200
         Dagger            |       |     6 |    21 |     5 ||    32
         Scimitar          |       |       |    11 |    16 ||    27
  Throw: Dart              |       |    21 |    23 |    59 ||   103
         Boomerang         |       |       |       |     3 ||     3
   Cast: Magic Dart        |    60 |    28 |    33 |       ||   121
         Apportation       |    22 |    34 |    29 |    35 ||   120
         Vampiric Draining |       |    23 |    49 |   102 ||   174
         Blink             |       |     3 |     4 |    15 ||    22
         Teleport Other    |       |       |     4 |    10 ||    14
         Searing Ray       |       |       |    31 |    66 ||    97
         Ignite Poison     |       |       |     2 |    15 ||    17
  Evoke: Wand              |       |       |     7 |     6 ||    13
    Use: Scroll            |       |     1 |     1 |    21 ||    23
         Potion            |       |       |     2 |     2 ||     4
   Stab: Sleeping          |     2 |     4 |     7 |     5 ||    18
 Armour: Robe              |    33 |    11 |    50 |    75 ||   169
         Troll leather arm |       |       |       |     8 ||     8
  Dodge: Dodged            |    59 |    29 |    97 |   216 ||   401
  Block: Buckler           |    18 |    15 |    25 |    81 ||   139
